AoeStats
← Enki

Fortress

510162516Analyzed
4v4 RM · 3d ago on Sep 29, 2026· 56m 28s· 8 players
Game mode
Random Map
Map size
Huge
Population
200
Speed
Normal
Resources
Standard
Victory
Conquest
Starting age
Dark Age
Ending age
Imperial Age
RankedLock teamsTeams togetherTeam positionsShared explorationLock speedFull tech treeHidden civsTurbo modeCheats
Victory
Defeat
🇵🇱 Huns · Poland
964
+14
🇹🇼 Japanese · Taiwan
930
+15
🇫🇷 Celts · France
912
+16
🇭🇷 Franks · Croatia
887
+17
🇬🇧 Saracens · United Kingdom
1011
-19
🇦🇷 Huns · Argentina
949
-17
🇦🇷 Franks · Argentina
845
-13
🇨🇿 Byzantines · Czechia
841
-13
jason916802
9:51 Feudal Age
11:43 Double-Bit Axe
11:46 Horse Collar
15:39 Castle Age
14:10 Gold Mining
17:01 Bow Saw
16:57 Heavy Plow
21:53 Stone Mining
23:22 Wheelbarrow
24:20 Gambesons
25:34 Gold Shaft Mining
25:34 Squires
25:20 Arson
25:43 Scale Mail Armor
25:54 Forging
26:29 Hand Cart
30:13 Imperial Age
27:58 Pikeman
28:57 Chain Mail Armor
29:17 Iron Casting
30:55 Elite Samurai
31:57 Conscription
33:17 Elite Skirmisher
35:00 Plate Mail Armor
35:31 Blast Furnace
34:22 Fletching
34:33 Padded Archer Armor
34:51 Thumb Ring
37:03 Ballistics
38:12 Bodkin Arrow
40:50 Capped Ram
54:37 Heavy Cavalry Archer
55:43 Parthian Tactics
55:25 Bracer
55:40 Leather Archer Armor
Kalsou
2:13 Loom
10:04 Feudal Age
12:24 Wheelbarrow
11:31 Horse Collar
11:39 Double-Bit Axe
11:47 Gold Mining
11:49 Stone Mining
12:09 Town Watch
14:47 Fletching
20:17 Castle Age
21:34 Bodkin Arrow
21:57 Bow Saw
21:50 Stronghold
23:05 Hand Cart
23:40 Stone Shaft Mining
23:44 Gold Shaft Mining
25:02 Ballistics
24:39 Murder Holes
25:31 Masonry
26:24 Fortified Wall
35:55 Imperial Age
38:06 Chemistry
36:52 Arrowslits
37:12 Siege Engineers
37:20 Furor Celtica
37:30 Conscription
37:26 Heavy Scorpion
43:16 Onager
45:28 Siege Onager
51:50 Forging
51:45 Scale Barding Armor
51:43 Husbandry
51:04 Light Cavalry
53:18 Hussar
55:28 Iron Casting
55:15 Chain Barding Armor
56:38 Heavy Plow
blacar
7:37 Feudal Age
9:32 Double-Bit Axe
13:48 Castle Age
14:36 Forging
17:57 Bow Saw
20:13 Wheelbarrow
21:29 Husbandry
20:57 Pikeman
28:59 Imperial Age
27:23 Fletching
28:02 Gold Mining
30:04 Bodkin Arrow
30:16 Scale Barding Armor
30:15 Scale Mail Armor
30:02 Cavalier
35:16 Iron Casting
37:09 Chain Mail Armor
38:34 Halberdier
39:15 Squires
38:59 Paladin
42:15 Blast Furnace
51:12 Chain Barding Armor
54:27 Ordonnance Companies
55:31 Conscription
kkkkkkkkk10
5:24 Loom
7:38 Feudal Age
5:56 Loom
9:38 Wheelbarrow
8:58 Horse Collar
12:11 Double-Bit Axe
14:57 Castle Age
18:27 Heavy Plow
19:19 Marauders
21:23 Husbandry
22:16 Hand Cart
22:44 Scale Barding Armor
23:45 Gold Mining
25:39 Bow Saw
29:19 Imperial Age
28:35 Chain Barding Armor
28:26 Forging
29:24 Gold Shaft Mining
29:21 Fletching
29:36 Padded Archer Armor
29:24 Elite Tarkan
30:28 Conscription
32:30 Plate Barding Armor
32:31 Iron Casting
33:16 Pikeman
33:56 Squires
36:31 Blast Furnace
42:03 Parthian Tactics
42:12 Ballistics
42:53 Chemistry
42:05 Caravan
42:12 Heavy Cavalry Archer
44:08 Squires
45:23 Scale Mail Armor
44:55 Halberdier
45:36 Bodkin Arrow
52:29 Chain Mail Armor
52:15 Bracer
53:45 Arson
jimfinancialadvice
7:09 Feudal Age
8:42 Feudal Age
12:51 Castle Age
12:37 Wheelbarrow
12:52 Double-Bit Axe
14:20 Horse Collar
15:33 Bow Saw
19:57 Gold Mining
22:00 Loom
22:32 Hand Cart
26:40 Imperial Age
24:17 Heavy Plow
24:12 Stone Mining
24:59 Gold Shaft Mining
26:29 Ballistics
26:17 Scale Barding Armor
26:04 Fletching
26:15 Padded Archer Armor
26:26 Forging
26:17 Scale Mail Armor
28:32 Two-Man Saw
26:58 Elite Mameluke
29:22 Chain Barding Armor
32:44 Counterweights
33:25 Conscription
33:16 Crossbowman
34:03 Thumb Ring
34:21 Arbalester
35:46 Bodkin Arrow
36:51 Murder Holes
37:58 Chemistry
38:29 Bracer
38:45 Leather Archer Armor
39:08 Plate Barding Armor
40:34 Onager
52:38 Caravan
Drako
9:01 Feudal Age
9:58 Man-at-Arms
11:46 Double-Bit Axe
12:14 Loom
14:55 Castle Age
14:32 Wheelbarrow
15:06 Crossbowman
15:41 Long Swordsman
21:41 Fletching
21:43 Horse Collar
22:23 Bow Saw
25:27 Bodkin Arrow
28:30 Imperial Age
27:00 Murder Holes
31:10 Chemistry
30:21 Fortified Wall
30:51 Ballistics
31:08 Pikeman
32:51 Block Printing
34:10 Two-Man Saw
40:46 Elite Skirmisher
49:56 Arbalester
TermodeMiller
4:22 Loom
8:15 Feudal Age
9:04 Double-Bit Axe
9:15 Gold Mining
12:34 Wheelbarrow
16:02 Castle Age
17:09 Bow Saw
17:40 Forging
17:31 Scale Mail Armor
17:48 Stone Mining
17:57 Town Watch
19:48 Pikeman
20:29 Squires
21:48 Iron Casting
21:29 Chain Mail Armor
22:32 Caravan
24:33 Hand Cart
29:59 Imperial Age
31:39 Hoardings
34:25 Ballistics
35:06 Chemistry
34:18 Fortified Wall
35:37 Blast Furnace
34:28 Fletching
44:48 Halberdier
Enki
0:31 Loom
9:25 Feudal Age
13:46 Castle Age
13:29 Double-Bit Axe
16:15 Wheelbarrow
15:25 Town Watch
16:43 Bow Saw
20:05 Horse Collar
22:02 Gold Mining
22:18 Heavy Plow
23:58 Bloodlines
23:49 Husbandry
24:38 Husbandry
24:50 Forging
25:37 Scale Barding Armor
26:09 Iron Casting
30:03 Imperial Age
27:50 Hand Cart
28:29 Chain Barding Armor
30:09 Cavalier
31:51 Conscription
36:25 Blast Furnace
38:27 Paladin
43:19 Plate Barding Armor
43:30 Fletching
47:57 Light Cavalry
48:49 Hussar
Connection lost

Rejoining the realm…

Still unreachable

The connection could not be restored.

Session expired

The server has moved on; the page needs a fresh start.